 Dungeon Crawl Stone Soup version 0.20.1-1-g8b1a95d (webtiles) character file.

65790 Gargoyl the Tortoise (level 14, -17/130 HPs)
             Began as a Minotaur Abyssal Knight on Oct 5, 2017.
             Was an Elder of Lugonu.
             Killed from afar by a lindwurm (35 damage)
             ... with a blast of flame
             ... on level 6 of the Lair of Beasts.
             The game lasted 00:45:18 (19033 turns).

Gargoyl the Tortoise (Minotaur Abyssal Knight)     Turns: 19033, Time: 00:45:19

Health: -17/130    AC: 29    Str: 27    XL:     14   Next: 76%
Magic:  2/22       EV: 10    Int:  9    God:    Lugonu [****..]
Gold:   1199       SH:  0    Dex: 13    Spells: 13/13 levels left

rFire    . . .     SeeInvis +   m - +8 hand axe of Broken Luck {holy, rN++ SInv}
rCold    + . .     Gourm    .   (no shield)
rNeg     + + .     Faith    .   i - +0 plate armour
rPois    +         Spirit   .   u - +2 hat
rElec    .         Reflect  .   O - +2 cloak
rCorr    .         Harm     .   p - +2 pair of gloves
MR       ++...                  (no boots)
Stlth    ..........             t - amulet of regeneration
Regen    0.8/turn               x - +6 ring of strength
MPRegen  0.2/turn               F - ring of poison resistance

@: very slightly contaminated
A: retaliatory headbutt, horns 2, icy blue scales 1, cold resistance 1, magic
resistance 1, strong 1
a: Depart the Abyss, Bend Space, Banish, Corrupt, Renounce Religion


You were on level 6 of the Lair of Beasts.
You worshipped Lugonu.
Lugonu was greatly pleased with you.
You were full.

You visited 2 branches of the dungeon, and saw 16 of its levels.
You visited the Abyss 2 times.
You also visited: Ice Cave.

You collected 1199 gold pieces.

Inventory:

Hand Weapons
 a - a +5 hand axe
 m - the +8 hand axe of Broken Luck (weapon) {holy, rN++ SInv}
   (You found it on level 5 of the Lair of Beasts)

   It has been blessed by the Shining One to cause great damage to the undead
   and demons.
   It greatly protects you from negative energy.
   It lets you see invisible.
 Q - a +0 war axe
Missiles
 R - 7 silver javelins (quivered)
Armour
 i - a +0 plate armour (worn)
 p - a +2 pair of gloves (worn)
 u - a +2 hat (worn)
 O - a +2 cloak (worn)
Jewellery
 s - an uncursed ring of positive energy
 t - an amulet of regeneration (around neck)
 x - a +6 ring of strength (left hand)
 F - a ring of poison resistance (right hand)
 G - a +3 ring of strength
 N - an uncursed ring of fire
 T - an uncursed ring of see invisible
Wands
 J - a wand of digging (8/24)
Scrolls
 e - 3 scrolls of teleportation
 o - 8 scrolls of remove curse
 q - 4 scrolls of fear
 r - 2 scrolls of blinking
 A - 5 scrolls of recharging
 I - 4 scrolls of fog
 P - a scroll of identify
Potions
 b - 3 potions of curing
 f - a potion of brilliance
 h - 4 potions of flight
 j - a potion of magic
 k - 2 potions of haste
 n - 2 potions of invisibility
 z - 5 potions of ambrosia
 D - a potion of might
 M - a potion of mutation
Books
 w - a Fen Folio

   Spells                             Type                      Level
   a - Corpse Rot                     Necromancy                   2
   b - Stone Arrow                    Conjuration/Earth            3
   c - Leda's Liquefaction            Hexes/Earth                  4
   d - Summon Forest                  Summoning/Translocation      5
   e - Hydra Form                     Transmutation                6
   f - Summon Hydra                   Summoning                    7
Comestibles
 c - 15 bread rations
 d - 8 meat rations
 g - 14 royal jellies
 l - 25 fruits
 v - 2 chunks of flesh


   Skills:
 + Level 13.8 Fighting
 + Level 14.9 Axes
 + Level 1.0 Throwing
 * Level 17.9 Armour
 + Level 3.3 Dodging
 * Level 12.0 Invocations
 + Level 0.5 Evocations


You had 13 spell levels left.
You didn't know any spells.

Dungeon Overview and Level Annotations

Branches:
Dungeon (10/15)            Temple (0/1) D:6            Lair (6/6) D:10
 Shoals (0/4) Lair:4        Snake (0/4) Lair:4        Slime (0/5) Lair:5
    Orc (0/2) D:9

Altars:
Ashenzari
Dithmenos
Fedhas
Nemelex Xobeh
Okawaru
Vehumet
Xom
The Shining One
Jiyva

Shops:
D:9 (!=

Annotations:
Lair:6 1 runed door


Innate Abilities, Weirdness & Mutations

You reflexively headbutt those who attack you in melee.
You have a pair of horns on your head.
You are partially covered in icy blue scales. (AC +2)
Your flesh is cold resistant. (rC+)
You are resistant to hostile enchantments. (MR+)
Your muscles are strong. (Str +2)


Message History

You feel better. The hornet completely misses you. You furiously retaliate!
You headbutt the hornet! The tyrant leech barely misses you.
The lindwurm bites you but does no damage.
The lindwurm claws you but does no damage. x2
Blink to where?
Press: ? - help, Dir - move target cursor You are very lightly contaminated with residual magic.
As you read the scroll of blinking, it crumbles to dust.
As you read the scroll of teleportation, it crumbles to dust.
You feel strangely unstable.
Okay, then.
As you read the scroll of teleportation, it crumbles to dust.
You feel strangely stable. The lindwurm breathes flames at you.
The blast of flame hits you!
* * * LOW HITPOINT WARNING * * *
The hornet stings the plant.
The lindwurm breathes flames at you. The blast of flame hits you!
You die...

.# #.......# ##
##(.....# .# P##
#.PP..y## ..#
..# ##.P.†#.##
##..# ..#
###†.w#.# #...#
.##
#.#...####...#
## ####.Pk.....#
# ####.......##
# ##.#......#@#
#
####.#....######
# #.##.....##
####.....#..#
#.#....###....
......## ##.....
.P.##.# ####.
#######


You could see a tyrant leech and a lindwurm.

Vanquished Creatures
  Rupert (Lair:5)
  Kirke (Lair:5)
  A reaper (IceCv)
  The ghost of Patr1k the Carver, a journeyman DDFi of Okawaru (Lair:6)
  The ghost of Whitewater the Basher, a journeyman MiBe of Trog (Lair:4)
  A fire dragon (Lair:6)
  Fannar (Lair:2)
  An ice dragon (Lair:4)
  Harold (Lair:2)
  The ghost of Teleutos the Covered, a journeyman HuFi (D:9)
  4 two-headed ogres
  The ghost of Voland the Thaumaturge, a journeyman DEWz of Vehumet (IceCv)
  Urug (Lair:2)
  A swamp dragon (Lair:6)
  An ugly thing (D:9)
  An elephant (Lair:5)
  3 torpor snails (Lair:6)
  3 ice statues
  4 black mambas
  7 spiny frogs
  7 rime drakes
  7 komodo dragons
  8 ice devils (IceCv)
  4 trolls (D:8)
  4 polar bears
  2 tyrant leeches (Lair:6)
  3 hornets (Lair:6)
  22 hippogriffs
  19 blink frogs
  9 wyverns (Lair:4)
  34 yaks
  13 basilisks
  10 hogs
  A human (D:9)
  A steam dragon (Lair:6)
  A naga (Lair:4)
  2 wargs (D:9)
  An acid dragon (Lair:6)
  16 water moccasins
  15 porcupines
  A black bear (D:6)
  7 orc warriors
  5 sky beasts (D:5)
  9 ice beasts
  6 ogres
  3 swamp drakes (Lair:6)
  An eye of draining (Abyss:1)
  2 phantoms (D:4)
  5 wolves (Lair:2)
  12 centaurs
  20 crocodiles
  3 big kobolds
  13 bullfrogs
  A wyvern zombie (D:8)
  2 scorpions
  8 wights (D:7)
  66 killer bees
  A howler monkey (D:6)
  An electric eel (Lair:6)
  A bullfrog zombie (D:7)
  4 crimson imps
  5 hounds
  A quasit (D:7)
  2 gnoll shamans (D:5)
  6 orc priests
  A bullfrog skeleton (D:8)
  8 jellies
  10 orc wizards
  2 centaur skeletons
  8 iguanas
  4 hell rats (Lair:6)
  13 worker ants
  2 hound zombies
  A hound skeleton (D:3)
  A worker ant zombie (D:3)
  2 howler monkey skeletons
  A howler monkey zombie (D:3)
  14 gnolls
  13 adders
  A shadow imp (D:6)
  8 white imps
  7 ufetubi (IceCv)
  2 oozes (D:2)
  2 adder zombies
  An adder skeleton (D:3)
  2 dart slugs (D:2)
  13 leopard geckos
  42 orcs
  9 bats
  7 giant cockroaches
  3 goblins
  9 hobgoblins
  14 jackals
  7 quokkas
  A ball python (D:8)
  4 frilled lizards
  3 giant cockroach zombies (D:3)
  2 jackal skeletons
  2 jackal zombies (D:3)
  18 kobolds
  3 leopard gecko skeletons
  A quokka zombie (D:3)
  11 rats
  A fungus (D:10)
  6 plants
659 creatures vanquished.

Vanquished Creatures (others)
  8 hydras
  3 oklob plants (Lair:5)
  A manticore (Lair:4)
  A black mamba (D:10)
  2 ice devils (IceCv)
  A white imp (IceCv)
  6 ufetubi (IceCv)
  6 fungi
  23 plants
51 creatures vanquished.

Grand Total: 710 creatures vanquished

Notes
Turn   | Place    | Note
-------+----------+-------------------------------------------
     0 | Abyss:1  | Gargoyl the Minotaur Abyssal Knight began the quest for the Orb.
     0 | Abyss:1  | Reached XP level 1. HP: 19/19 MP: 1/1
    36 | Abyss:1  | Noticed an eye of draining
    48 | Abyss:1  | Killed an eye of draining
    48 | Abyss:1  | Reached skill level 5 in Fighting
    48 | Abyss:1  | Reached skill level 3 in Armour
    48 | Abyss:1  | Reached XP level 2. HP: 29/29 MP: 0/2
    48 | Abyss:1  | Reached XP level 3. HP: 36/36 MP: 0/3
    48 | Abyss:1  | Reached XP level 4. HP: 42/42 MP: 0/4
    51 | Abyss:1  | Noticed a raiju
    52 | D:1      | Escaped the Abyss
   155 | D:1      | Reached * piety under Lugonu
   169 | D:1      | Gained mutation: You are resistant to electric shocks. (rElec) [potion of mutation]
   169 | D:1      | Gained mutation: Your flesh is cold resistant. (rC+) [potion of mutation]
   654 | D:2      | Reached XP level 5. HP: 12/50 MP: 5/5
  1116 | D:2      | Found a shattered altar of Ashenzari.
  1443 | D:2      | Reached ** piety under Lugonu
  1478 | D:2      | Found an iron altar of Okawaru.
  1675 | D:3      | Reached skill level 4 in Armour
  1838 | D:3      | Reached XP level 6. HP: 46/57 MP: 7/7
  2641 | D:4      | Reached skill level 5 in Armour
  2664 | D:4      | Reached *** piety under Lugonu
  2752 | D:4      | Found a sparkling altar of Nemelex Xobeh.
  2896 | D:4      | Reached XP level 7. HP: 52/63 MP: 8/8
  3115 | D:4      | Reached skill level 5 in Axes
  3236 | D:4      | Found a sparkling altar of Nemelex Xobeh.
  3512 | D:5      | Entered Level 5 of the Dungeon
  3767 | D:5      | Reached skill level 6 in Armour
  3822 | D:5      | Reached XP level 8. HP: 58/71 MP: 10/10
  3826 | D:5      | Gained mutation: You are partially covered in icy blue scales. (AC +2) [mutagenic meat]
  4026 | D:5      | Found a shimmering altar of Xom.
  4277 | D:5      | Reached skill level 7 in Armour
  4763 | D:6      | Reached skill level 8 in Armour
  4899 | D:6      | Found a glowing golden altar of the Shining One.
  5073 | D:5      | Reached **** piety under Lugonu
  5150 | D:6      | Found a blossoming altar of Fedhas.
  5163 | D:6      | Reached XP level 9. HP: 71/79 MP: 11/11
  5168 | D:6      | Reached skill level 9 in Armour
  5210 | D:6      | Reached skill level 5 in Invocations
  5263 | D:6      | Found a staircase to the Ecumenical Temple.
  5319 | D:6      | Found a shadowy altar of Dithmenos.
  5380 | D:6      | Found Reatar's General Store.
  5913 | D:7      | Reached skill level 10 in Armour
  6090 | D:7      | Reached ***** piety under Lugonu
  6478 | D:8      | Noticed a two-headed ogre
  6486 | D:7      | Reached XP level 10. HP: 87/90 MP: 13/13
  6516 | D:7      | Killed a two-headed ogre
  6516 | D:7      | Reached skill level 11 in Armour
  7100 | D:8      | Reached skill level 12 in Armour
  7981 | D:8      | Reached ****** piety under Lugonu
  8035 | D:8      | Reached skill level 10 in Axes
  8035 | D:8      | Reached XP level 11. HP: 92/97 MP: 15/15
  8098 | D:8      | Reached skill level 13 in Armour
  8177 | D:9      | Noticed Teleutos's ghost (journeyman HuFi)
  8245 | D:9      | Killed Teleutos's ghost
  8380 | D:9      | Found Torixas's Jewellery Boutique.
  8678 | D:9      | Found a staircase to the Orcish Mines.
  8985 | D:9      | Found Lacua's Distillery.
  8985 | D:9      | Noticed a green ugly thing
  8999 | D:9      | Killed a green ugly thing
  9007 | D:9      | Gained mutation: You are partially covered in slimy green scales. (AC +2) [mutagenic meat]
  9008 | D:9      | Gained mutation: Your body sometimes deteriorates upon taking damage. [mutagenic meat]
  9009 | D:9      | Gained mutation: Your magical capacity is low. (-10% MP) [mutagenic meat]
  9010 | D:9      | Gained mutation: You have sharp toenails. [mutagenic meat]
  9013 | D:9      | Lost mutation: Your body sometimes deteriorates upon taking damage. [potion of mutation]
  9013 | D:9      | Lost mutation: You have sharp toenails. [potion of mutation]
  9013 | D:9      | Lost mutation: You are resistant to electric shocks. (rElec) [potion of mutation]
  9013 | D:9      | Lost mutation: Your magical capacity is low. (-10% MP) [potion of mutation]
  9013 | D:9      | Lost mutation: You are partially covered in slimy green scales. (AC +2) [potion of mutation]
  9013 | D:9      | Gained mutation: You are resistant to hostile enchantments. (MR+) [potion of mutation]
  9013 | D:9      | Gained mutation: Your muscles are strong. (Str +2) [potion of mutation]
  9181 | D:9      | Found Anwen's Antique Weapon Shoppe.
  9484 | D:10     | Entered Level 10 of the Dungeon
  9512 | D:10     | Reached skill level 10 in Fighting
  9716 | D:10     | Reached skill level 14 in Armour
  9740 | D:10     | Noticed a two-headed ogre
  9743 | D:10     | Noticed a two-headed ogre
  9754 | D:10     | Killed a two-headed ogre
  9756 | D:10     | Killed a two-headed ogre
  9933 | D:10     | Noticed a two-headed ogre
  9945 | D:10     | Killed a two-headed ogre
  9956 | D:10     | Reached XP level 12. HP: 92/107 MP: 17/17
 10068 | D:10     | Found a staircase to the Lair.
 10315 | Lair:1   | Entered Level 1 of the Lair of Beasts
 10734 | Lair:1   | Noticed a five-headed hydra
 10735 | Lair:1   | Banished a five-headed hydra
 10735 | Lair:1   | Reached skill level 15 in Armour
 10883 | Lair:1   | Noticed a seven-headed hydra
 10885 | Lair:1   | Banished a seven-headed hydra
 11384 | Lair:2   | Noticed Fannar
 11420 | Lair:2   | Killed Fannar
 11447 | Lair:2   | Noticed Urug
 11465 | Lair:2   | Killed Urug
 12208 | Lair:2   | Noticed Harold
 12230 | Lair:2   | Killed Harold
 13121 | Lair:3   | Found a frozen archway.
 13137 | IceCv    | Entered an ice cave
 13182 | IceCv    | Noticed Voland's ghost (journeyman DEWz)
 13220 | IceCv    | Killed Voland's ghost
 13439 | IceCv    | Reached XP level 13. HP: 107/116 MP: 19/19
 13589 | IceCv    | HP: 6/174 [ice devil (7)]
 13720 | IceCv    | Noticed a reaper
 13742 | IceCv    | Killed a reaper
 14163 | Lair:3   | Reached skill level 10 in Invocations
 14415 | Lair:3   | Reached skill level 16 in Armour
 14516 | Lair:4   | Found a staircase to the Shoals.
 14598 | Lair:4   | Noticed Whitewater's ghost (journeyman MiBe)
 14655 | Lair:4   | Killed Whitewater's ghost
 14867 | Lair:4   | Found a staircase to the Snake Pit.
 15875 | Lair:5   | Found a runed door.
 15876 | Lair:5   | Found a viscous altar of Jiyva.
 15884 | Lair:5   | Found a staircase to the Slime Pits.
 16120 | Lair:5   | Noticed Kirke
 16198 | Lair:4   | Reached skill level 17 in Armour
 16451 | Lair:5   | Reached XP level 14. HP: 127/127 MP: 21/21
 16467 | Lair:5   | Killed Kirke
 16828 | Lair:5   | Identified the Handbook of Conjuration and Heat
 16858 | Lair:5   | Got a faintly glowing hand axe
 16859 | Lair:5   | Identified the +8 hand axe of Broken Luck {holy, rN++ SInv} (You found it on level 5 of the Lair of Beasts)
 17247 | Lair:6   | Entered Level 6 of the Lair of Beasts
 17258 | Lair:6   | Noticed Patr1k's ghost (journeyman DDFi)
 17281 | Lair:6   | Killed Patr1k's ghost
 17285 | Lair:6   | Noticed Rupert
 17484 | Lair:5   | Killed Rupert
 18396 | Lair:6   | Reached skill level 1 in Throwing
 18538 | Lair:6   | Found a radiant altar of Vehumet.
 18851 | Lair:6   | Found a runed door.
 19024 | Abyss:1  | Noticed a lich
 19027 | Lair:6   | Escaped the Abyss
 19033 | Lair:6   | Killed from afar by a lindwurm

Skill      XL: |  1  2  3  4  5  6  7  8  9 10 11 12 13 14 |
---------------+-------------------------------------------+-----
Fighting       | 5 6 7 8 9 10 11 12 13 | 13.8
Axes           | 3 4 6 7 8 10 11 13 14 | 14.9
Armour         | 3 4 5 6 8 10 12 14 15 17 | 17.9
Invocations    | 2 3 4 6 7 8 9 10 12 | 12.0
Dodging        | 2 3 |  3.3
Throwing       | 1 |  1.0
Evocations     | |  0.5

Action                   |  1- 3 |  4- 6 |  7- 9 | 10-12 | 13-15 || total
-------------------------+-------+-------+-------+-------+-------++-------
Melee: Hand axe          |    10 |   265 |   484 |   981 |   916 ||  2656
       Headbutt          |     3 |    39 |   110 |   246 |   250 ||   648
Throw: Javelin           |       |       |       |     1 |    11 ||    12
Invok: Depart the Abyss  |       |     1 |       |       |     1 ||     2
       Bend Space        |       |       |     1 |       |       ||     1
       Banish            |       |       |       |     3 |    20 ||    23
       Enter the Abyss   |       |       |       |       |     1 ||     1
Evoke: Wand              |       |       |       |     2 |       ||     2
  Use: Scroll            |       |     7 |     7 |     9 |     9 ||    32
       Potion            |       |     4 |     1 |    10 |     8 ||    23
 Stab: Confused          |       |       |       |       |     1 ||     1
  Eat: Chunk             |       |     6 |    14 |    27 |    21 ||    68
       Bread ration      |       |       |       |       |     1 ||     1
       Meat ration       |       |       |       |       |     1 ||     1
Armor: Plate armour      |       |   296 |   507 |   771 |   582 ||  2156
       Leather armour    |       |    13 |       |       |       ||    13
       Chain mail        |       |    11 |       |       |       ||    11
Dodge: Dodged            |       |    85 |   248 |   501 |   376 ||  1210
Block: Shield            |       |       |       |       |    18 ||    18
